 Dungeon Crawl Stone Soup version 0.19.5 (webtiles) character file.

81 Inarius the Covered (level 4, -3/41 HPs)
             Began as a Minotaur Fighter on May 7, 2017.
             Killed from afar by an orc wizard (5 damage)
             ... with a puff of flame
             ... on level 3 of the Dungeon.
             The game lasted 00:05:15 (2010 turns).

Inarius the Covered (Minotaur Fighter)              Turns: 2010, Time: 00:05:16

Health: -3/41      AC:  9    Str: 20    XL:     4   Next: 19%
Magic:  3/3        EV:  8    Int:  5    God:
Gold:   226        SH: 10    Dex: 14    Spells: 0 memorised, 3 levels left

rFire  . . .     SeeInvis .     a - +0 war axe
rCold  . . .     Gourm    .     o - +0 ring mail
rNeg   . . .     Faith    .     c - +0 shield
rPois  .         Spirit   .     (helmet restricted)
rElec  .         Reflect  .     (no cloak)
rCorr  .         Harm     .     (no gloves)
MR     .....                    y - +0 pair of boots
Stlth  +.........               s - amulet of magic regeneration
                                w - +2 ring of protection
                                v - +3 ring of dexterity

@: no status effects
A: retaliatory headbutt, horns 2
a: no special abilities


You were on level 3 of the Dungeon.
You were not hungry.

You visited 1 branch of the dungeon, and saw 3 of its levels.

You collected 226 gold pieces.

Inventory:

Hand Weapons
 a - a +0 war axe (weapon)
Armour
 c - a +0 shield (worn)
 o - a +0 ring mail (worn)
 y - a +0 pair of boots (worn)
Jewellery
 g - an uncursed ring of poison resistance
 s - an amulet of magic regeneration (around neck)
 v - a +3 ring of dexterity (left hand)
 w - a +2 ring of protection (right hand)
Scrolls
 i - a scroll of teleportation {unknown}
 n - a scroll of remove curse {unknown}
 r - a scroll of recharging {unknown}
Potions
 d - a potion of might
 e - a potion of flight
 h - a potion of mutation {unknown}
 l - a potion of ambrosia {unknown}
 p - 2 potions of curing {unknown}
 u - a potion of brilliance
 x - a potion of resistance {unknown}
Comestibles
 b - 12 fruits
 f - a bread ration
 m - a slice of pizza
 q - a beef jerky
 t - 3 chunks of flesh


   Skills:
 + Level 4.3 Fighting
 + Level 3.4 Axes
 + Level 4.3 Armour
 + Level 0.4 Dodging
 + Level 4.2 Shields


You had 3 spell levels left.
You didn't know any spells.

Dungeon Overview and Level Annotations

Branches:
Dungeon (3/15)

Altars:


Innate Abilities, Weirdness & Mutations

You reflexively headbutt those who attack you in melee.
You have a pair of horns on your head.


Message History

You slash the orc wizard! Your headbutt misses the orc wizard.
The orc wizard is almost dead.
The orc wizard casts a spell at you. The magic dart hits you!
* * * LOW HITPOINT WARNING * * *
There is an open door here.
The orc wizard casts a spell.
The orc wizard flickers and vanishes!
Deactivating autopickup; reactivate with Ctrl-A.
The orc priest calls upon Beogh to heal something.
You hear some strange, mumbled words.
A puff of flame appears from out of thin air!
The puff of flame hits you!
* * * LOW HITPOINT WARNING * * *
You hear some strange, mumbled words.
Something tries to affect you, but you resist.
There is a stone staircase leading down here.
A puff of flame appears from out of thin air!
The puff of flame hits you!
You die...

####### #.....# #.....#
#.....# #.....#
##########.....#
.........@.....#
#........#.### #...#
#........#.# #######.#.#
#...o....#.###.....#....
#........#.....###.#...#
#...o....#####...#......
###'###### #.#.###....
#o# #.#...#.... #)#
#.###.#....


You could see an orc priest and 2 orcs.

Vanquished Creatures
  Robin (D:2)
  A worm (D:2)
  2 dart slugs
  4 leopard geckos
  An orc (D:3)
  A ball python (D:1)
  5 bats
  3 giant cockroaches (D:2)
  12 goblins
  7 hobgoblins
  2 jackals (D:3)
  5 kobolds
  4 frilled lizards
  5 rats
53 creatures vanquished.

Notes
Turn   | Place    | Note
-------+----------+-------------------------------------------
     0 | D:1      | Inarius the Minotaur Fighter began the quest for the Orb.
     0 | D:1      | Reached XP level 1. HP: 19/19 MP: 0/0
   330 | D:1      | Reached XP level 2. HP: 24/27 MP: 1/1
   938 | D:2      | Reached XP level 3. HP: 29/33 MP: 2/2
  1044 | D:2      | Noticed Robin
  1295 | D:2      | Killed Robin
  1599 | D:2      | Reached XP level 4. HP: 40/40 MP: 3/3
  2008 | D:3      | HP: 2/41 [something/puff of flame (6)]
  2010 | D:3      | Killed from afar by an orc wizard

Skill      XL: |  1  2  3 |
---------------+----------+-----
Fighting       | 4 |  4.3
Armour         | 4 |  4.3
Shields        | 4 |  4.2
Axes           | 3 |  3.4
Dodging        | |  0.4

Action                   |  1- 3 |  4- 6 || total
-------------------------+-------+-------++-------
Melee: War axe           |   100 |    23 ||   123
       Headbutt          |    11 |     4 ||    15
  Use: Scroll            |       |     3 ||     3
  Eat: Chunk             |     2 |     2 ||     4
Armor: Scale mail        |    14 |       ||    14
       Ring mail         |    34 |     9 ||    43
Dodge: Dodged            |    27 |     7 ||    34
Block: Shield            |    56 |    12 ||    68
